 Dungeon Crawl Stone Soup version 0.16-a0-1196-ged0958e (webtiles) character file.

141 MrRokkomies the Vexing (level 5, -7/40 HPs)
             Began as a Draconian Arcane Marksman on Oct 11, 2014.
             Killed from afar by myeffort's ghost (30 damage)
             ... with a stone arrow
             ... on level 4 of the Dungeon.
             The game lasted 00:07:16 (2774 turns).

MrRokkomies the Vexing (Draconian Arcane Marksman)  Turns: 2774, Time: 00:07:17

Health: -7/40      AC:  5    Str: 13    XL:     5   Next: 3%
Magic:  7/7        EV: 12    Int: 15    God:
Gold:   112        SH:  0    Dex: 10    Spells: 3 memorised, 0 levels left

rFire  . . .     SeeInvis .     a - +0 short sword (freeze)
rCold  . . .     Clarity  .     (armour unavailable)
rNeg   + . .     SustAb   .     (no shield)
rPois  .         Gourm    .     (helmet restricted)
rElec  .         Spirit   .     (no cloak)
rCorr  .         Warding  .     (no gloves)
rMut   .         Stasis   .     (no boots)
MR     .....                    (no amulet)
Stlth  +.........               (no ring)
                                g - ring of positive energy

@: not resistant to hostile enchantments, very unstealthy
A: unfitting armour, cold-blooded, AC +5
a: no special abilities


You were on level 4 of the Dungeon.
You were hungry.

You visited 1 branch of the dungeon, and saw 4 of its levels.

You collected 112 gold pieces.

Inventory:

Hand weapons
 a - a +0 short sword of freezing (weapon)
 b - a +0 hand crossbow
Missiles
 c - 18 bolts
 l - 11 poisoned needles
 t - 22 stones (quivered)
Comestibles
 f - 5 bread rations
 p - 2 beef jerkies
 q - a slice of pizza
Scrolls
 m - a scroll of remove curse
 o - 2 scrolls of identify
Jewellery
 g - a ring of positive energy (left hand)
Potions
 e - a potion of flight
 h - 2 potions of curing
 j - a potion of cancellation
 k - a potion of mutation {unknown}
 n - a potion of haste {unknown}
 r - a potion of agility {unknown}
 s - a potion of poison {unknown}
Books
 d - a book of Debilitation

   Spells                             Type                      Level
   *Corona                            Hexes                        1
   *Slow                              Hexes                        2
   *Inner Flame                       Hexes/Fire                   3
   Enslavement                        Hexes                        4
   Cause Fear                         Hexes                        4
   Leda's Liquefaction                Hexes/Earth                  4
Magical staves
 i - an uncursed staff of cold


   Skills:
 - Level 1.1 Fighting
 * Level 3.7 Crossbows
 - Level 1.7 Dodging
 - Level 1.0 Spellcasting
 * Level 4.0 Hexes


You couldn't memorise any spells.
You knew the following spells:

 Your Spells              Type           Power        Failure   Level  Hunger
a - Corona                Hex            ##.....      6%          1    ##.....
b - Slow                  Hex            ##......     10%         2    ###....
c - Inner Flame           Hex/Fire       #.......     34%         3    ####...


Dungeon Overview and Level Annotations

Branches:
Dungeon (4/15)
 Temple: D:4-7

Altars:
Xom

Annotations:
D:4 myeffort's ghost, experienced DDEE


Innate Abilities, Weirdness & Mutations

Your plain brown scales are hard (AC +5).
Your body does not fit into most forms of armour.
Your cold-blooded metabolism reacts poorly to cold.


Message History

You feel strangely unstable.
It was a scroll of teleportation.
You start resting.
Your surroundings suddenly seem different.
Found a stone staircase leading up and a stone staircase leading down.
There is an open door here.
There is an open door here.
Myeffort's ghost (experienced DDEE) comes into view.
Myeffort's ghost turns its malevolent gaze towards you.
Myeffort's ghost casts a spell at you. The stone arrow hits you!
There is an open door here.
You close the door.
Myeffort's ghost opens the door.
You are feeling hungry.
There is an open door here.
You close the door.
Myeffort's ghost opens the door.
Myeffort's ghost gestures at you while chanting.
The stone arrow hits you!
Ouch! That really hurt!
You die...

####....####.........#......###.#
........W..'.......).'...........
.###....####.........##.....###.#
#.#..# ##.......###.##..###.#
#.W#.# ##.....## #.........#
##.#.# ##W..## #####.##### # #.#
##'## #.# #.# #.# #.# ..# #@# #.#
### ###.## #.# ##....#########.#
######....<..........#
............##########
######.....## ##...## ###.# #.#


You could see myeffort's ghost.

Vanquished Creatures
  A crimson imp (D:4)
  6 adders
  A worm (D:2)
  2 oozes
  2 orcs
  A ball python (D:1)
  A giant cockroach (D:3)
  7 hobgoblins
  A quokka (D:3)
  3 bats
  4 giant newts
  5 goblins
  8 kobolds
  6 rats
48 creatures vanquished.

Notes
Turn   | Place    | Note
--------------------------------------------------------------
     0 | D:1      | MrRokkomies, the Draconian Arcane Marksman, began the quest for the Orb.
     0 | D:1      | Reached XP level 1. HP: 16/16 MP: 2/2
   285 | D:1      | Reached skill level 3 in Hexes
   298 | D:1      | Reached XP level 2. HP: 15/23 MP: 3/3
   314 | D:1      | Learned a level 2 spell: Slow
  1182 | D:2      | Reached XP level 3. HP: 15/28 MP: 0/4
  1818 | D:3      | Found a shimmering altar of Xom.
  1859 | D:3      | Reached XP level 4. HP: 25/35 MP: 5/5
  2005 | D:3      | Found a shimmering altar of Xom.
  2433 | D:3      | Found a shimmering altar of Xom.
  2569 | D:3      | You fall through a shaft!
  2719 | D:4      | Reached skill level 4 in Hexes
  2719 | D:4      | Reached XP level 5. HP: 34/40 MP: 7/7
  2733 | D:4      | Learned a level 3 spell: Inner Flame
  2761 | D:4      | Noticed myeffort's ghost (experienced DDEE)
  2774 | D:4      | Killed from afar by myeffort's ghost

Action                   |  1- 3 |  4- 6 || total
-------------------------+-------+-------++-------
Melee: Dagger            |    51 |       ||    51
       Spear             |    18 |       ||    18
       Short sword       |    33 |    70 ||   103
 Fire: Hand crossbow     |    34 |       ||    34
 Cast: Corona            |     7 |     1 ||     8
       Slow              |     2 |     1 ||     3
  Use: Scroll            |     5 |     2 ||     7
       Potion            |       |     1 ||     1
  Eat: Chunk             |     3 |     3 ||     6
